Map: [ESL] Gresvan

Players

Solar - Winner!

  • Race: Zerg Zerg
  • League: Master
  • Spawn Location: 5:00

Clem

  • Race: Terran Terran
  • League: Grandmaster
  • Spawn Location: 11:00

Event: HomeStory Cup XXIII

VOD

Have the link to the VOD?

Description

Time

  • Played on: July 2, 2023, 10:01 a.m.
  • Length: 19:15

All games in this series

Show
View Real Time Build Order
Export as new Build Order

Solar Zerg - Winner!

Build Orders: Hatch First, Lurkers 

Get SALT Encoding   

  12  0:00  Drone  
  13  0:12  Overlord  
  13  0:17  Drone  
  14  0:30  Drone x2  
  16  0:48  Hatchery  
  15  0:50  Drone  
  15  0:53  Drone  
  17  0:59  Drone  
  18  1:07  Extractor  
  17  1:14  Spawning Pool  
  17  1:15  Drone  
  18  1:18  Drone  
  18  1:27  Drone  
  19  1:39  Drone  
  20  1:49  Drone  
  21  2:01  Queen x2, Zergling x4  
  27  2:13  Overlord  
  27  2:15  Drone  
  28  2:20  Hatchery  
  27  2:23  Drone  
  28  2:32  Drone x2  
  30  2:41  Spore Crawler  
  30  2:42  Queen  
  32  2:44  Metabolic Boost  
  32  2:48  Overlord  
  32  2:53  Drone x2  
  32  2:57  Drone x2  
  36  3:07  Drone x2  
  38  3:13  Drone x3  
  38  3:17  Queen  
  38  3:19  Overlord  
  43  3:21  Drone  
  44  3:31  Queen  
  44  3:33  Queen  
  48  3:37  Drone x2  
  48  3:38  Drone  
  51  3:42  Overlord  
  51  3:45  Drone  
  52  3:54  Drone x6  
  58  3:57  Overlord  
  58  4:01  Overlord  
  58  4:02  Zergling x4  
  60  4:04  Drone  
  60  4:09  Queen  
  61  4:11  Drone x2  
  61  4:14  Queen  
  67  4:18  Overlord  
  67  4:19  Drone x2  
  67  4:21  Drone  
  67  4:23  Drone  
  71  4:27  Drone x2  
  71  4:29  Zergling x6  
  75  4:38  Zergling x2  
  76  4:39  Overlord  
  76  4:41  Hatchery  
  76  4:44  Drone  
  76  4:45  Baneling Nest  
  76  4:46  Drone x3  
  76  4:50  Queen  
  80  4:55  Drone x2  
  80  4:57  Lair  
  80  4:59  Extractor, Drone x3  
  84  5:00  Extractor  
  84  5:01  Drone x2  
  84  5:05  Zergling x6  
  89  5:07  Drone x2  
  89  5:12  Overlord  
  90  5:17  Extractor, Spore Crawler, Zergling x2  
  90  5:18  Zergling x2  
  90  5:19  Extractor  
  89  5:21  Overlord  
  89  5:23  Drone x2  
  89  5:25  Zergling x2  
  89  5:26  Zergling x6  
  95  5:28  Overlord  
  95  5:29  Baneling x3  
  95  5:30  Baneling x2  
  95  5:32  Baneling  
  95  5:33  Drone x3  
  95  5:35  Overlord  
  97  5:37  Baneling  
  97  5:38  Baneling  
  97  5:41  Drone x2  
  99  5:45  Baneling x2  
  99  5:46  Zergling x2  
  99  5:48  Zergling x2  
  101  5:51  Evolution Chamber  
  101  5:53  Drone x2, Evolution Chamber  
  101  5:54  Drone, Queen  
  103  5:57  Overlord  
  103  5:58  Centrifugal Hooks  
  103  6:00  Drone  
  103  6:01  Zergling x2  
  103  6:02  Zergling x2  
  106  6:04  Zergling x4  
  106  6:06  Baneling x2, Zergling x2  
  106  6:07  Zergling x2  
  106  6:09  Zergling x4  
  106  6:10  Drone  
  113  6:11  Drone  
  113  6:13  Drone  
  113  6:16  Drone x3  
  118  6:22  Zerg Ground Armor Level 1, Zerg Melee Weapons Level 1  
  118  6:23  Overlord  
  118  6:27  Drone x4  
  118  6:28  Baneling x2  
  118  6:29  Zergling x4  
  124  6:34  Overlord  
  124  6:35  Zergling x6  
  124  6:37  Zergling x6  
  130  6:40  Zergling x6  
  130  6:44  Drone  
  134  6:48  Zergling x6  
  134  6:50  Baneling x2  
  134  6:51  Hatchery  
  134  6:52  Zergling x4  
  134  6:54  Overlord  
  137  6:55  Zergling x2  
  137  7:00  Baneling x2  
  138  7:02  Zergling x6  
  138  7:06  Zergling x8  
  138  7:07  Baneling x3  
  145  7:09  Overlord  
  145  7:10  Zergling x8  
  141  7:24  Zergling x18  
  141  7:26  Drone  
  142  7:31  Baneling x3  
  142  7:34  Zergling x4  
  140  7:38  Drone x2  
  140  7:40  Overlord  
  140  7:41  Drone  
  140  7:42  Drone, Hydralisk Den, Infestation Pit  
  141  7:44  Extractor, Zergling x10  
  141  7:45  Zergling x6  
  141  7:46  Pneumatized Carapace  
  141  7:49  Baneling x4  
  141  7:50  Baneling x11, Overseer  
  149  7:51  Drone x3  
  149  7:53  Hatchery  
  144  7:59  Zergling x2  
  144  8:04  Queen  
  147  8:06  Zergling x10  
  152  8:16  Hydralisk x7  
  152  8:18  Zergling x2  
  152  8:19  Overlord, Zergling x2  
  165  8:20  Zerg Ground Armor Level 2  
  165  8:22  Overlord  
  163  8:28  Zerg Melee Weapons Level 2  
  163  8:29  Overlord  
  163  8:31  Overlord  
  163  8:32  Overlord  
  163  8:35  Extractor  
  163  8:38  Drone x8  
  163  8:41  Zergling x12  
  176  8:43  Hive  
  176  8:50  Drone, Lurker Den  
  176  8:51  Zergling x4  
  176  8:52  Zergling x2  
  179  8:59  Zergling x12  
  183  9:02  Hatchery  
  183  9:06  Baneling x12  
  183  9:08  Zergling x10  
  179  9:13  Zergling x12  
  164  9:20  Zergling x16  
  164  9:21  Zergling x2  
  172  9:25  Hydralisk x2  
  172  9:30  Overseer  
  169  9:36  Hydralisk x2, Zergling x4  
  169  9:38  Baneling x2, Zergling x6  
  176  9:43  Muscular Augments  
  176  9:44  Zergling x10  
  169  9:53  Zergling x6  
  169  9:56  Zergling x12  
  177  10:01  Zergling x4  
  177  10:02  Zergling x2  
  177  10:06  Hydralisk x2  
  161  10:09  Zergling x8  
  161  10:13  Viper x2  
  175  10:14  Zergling x12  
  175  10:18  Zergling x6  
  175  10:20  Zergling x2  
  174  10:23  Adrenal Glands  
  174  10:24  Zergling x10  
  176  10:29  Zergling x4  
  176  10:33  Zergling x8  
  179  10:37  Overseer  
  179  10:38  Zergling x4  
  173  10:44  Zergling x12  
  173  10:47  Baneling x3  
  173  10:48  Drone x3  
  174  10:50  Zergling x4  
  174  10:51  Zergling x2  
  174  10:53  Zerg Missile Weapons Level 1, Zerg Ground Armor Level 3  
  174  10:54  Grooved Spines  
  164  10:57  Zergling x18  
  164  11:00  Hydralisk x3  
  165  11:05  Baneling x4  
  165  11:07  Zergling x6  
  164  11:13  Zergling x14  
  164  11:14  Zergling x2  
  154  11:20  Drone x4  
  154  11:21  Drone x2  
  154  11:22  Hydralisk x3  
  166  11:25  Baneling x4  
  166  11:26  Baneling x5  
  157  11:33  Zergling x14  
  157  11:34  Queen  
  157  11:35  Hydralisk  
  157  11:38  Zergling x2  
  159  11:41  Zergling x4  
  153  11:47  Zergling x8  
  153  11:48  Overseer  
  153  11:49  Baneling  
  153  11:50  Baneling  
  153  11:52  Hydralisk  
  153  11:53  Hydralisk x3  
  158  11:55  Zergling x12  
  159  12:01  Zergling x2  
  159  12:02  Zergling x12  
  159  12:04  Seismic Spines  
  159  12:06  Extractor  
  159  12:07  Zergling x6  
  168  12:12  Baneling x4  
  168  12:13  Overlord  
  168  12:15  Baneling x7, Zergling x2  
  168  12:16  Zergling x8  
  168  12:20  Zergling x2  
  168  12:21  Zergling x8  
  175  12:27  Zergling x10  
  164  12:33  Zergling x8  
  164  12:34  Hydralisk x2  
  169  12:37  Baneling x9  
  169  12:38  Zergling x8  
  169  12:43  Zergling x8  
  174  12:47  Zergling x6  
  174  12:48  Zergling x8  
  179  12:53  Zerg Melee Weapons Level 3  
  179  12:57  Hatchery  
  167  13:00  Zergling x18  
  167  13:01  Adaptive Talons  
  167  13:03  Baneling x4  
  171  13:06  Zergling x6  
  171  13:10  Zergling x8  
  177  13:14  Baneling x11  
  177  13:18  Zergling x20  
  177  13:21  Hydralisk  
  177  13:22  Hydralisk  
  177  13:26  Zergling x10  
  183  13:32  Lurker x4  
  187  13:36  Drone x3  
  187  13:37  Zergling x12  
  187  13:38  Baneling x2  
  194  13:43  Drone x3  
  194  13:45  Zergling x8  
  200  13:54  Zergling x4  
  197  13:58  Zergling x4  
  197  13:59  Zergling x2  
  197  14:02  Hydralisk  
  199  14:06  Baneling x8  
  199  14:08  Zergling x2  
  198  14:10  Zergling x4  
  198  14:13  Zergling x4  
  198  14:16  Zergling x8  
  197  14:24  Zergling x6  
  197  14:28  Hydralisk x2  
  191  14:31  Zergling x4  
  191  14:32  Zergling x14  
  195  14:40  Zergling x8  
  195  14:41  Zerg Missile Weapons Level 2  
  193  15:00  Hydralisk x2  
  193  15:04  Zergling x18  
  200  15:08  Overseer  
  200  15:09  Zergling x2  
  200  15:11  Nydus Network  
  200  15:12  Baneling x6  
  198  15:15  Zergling x2  
  198  15:19  Zergling x2  
  199  15:35  Zergling x46  
  196  15:37  Overseer x2  
  196  15:38  Overseer  
  196  15:42  Zergling x6  
  199  15:46  Baneling x2  
  199  15:49  Hydralisk x2  
  174  15:57  Zergling x32  
  174  16:02  Hydralisk  
  180  16:06  Hydralisk  
  180  16:07  Hydralisk x3  
  180  16:08  Zergling x8  
  180  16:10  Nydus Canal  
  185  16:13  Baneling x18  
  185  16:14  Zergling x4  
  185  16:17  Lurker x8  
  195  16:21  Zergling x10  
  200  16:33  Baneling x12  
  200  16:36  Nydus Canal  
  200  16:51  Drone, Spore Crawler  
  200  16:54  Hatchery  
  200  16:56  Baneling x3  
  200  16:58  Drone  
  200  17:01  Nydus Canal, Spore Crawler  
  198  17:04  Zergling x20  
  198  17:08  Zergling x2  
  199  17:11  Overlord x2  
  199  17:12  Overlord  
  199  17:14  Overlord  
  199  17:16  Overlord  
  199  17:26  Overlord x2, Overseer x2  
  199  17:34  Zergling x10  
  199  17:36  Burrow  
  199  17:43  Zergling x34  
  200  17:48  Zergling x16  
  191  17:55  Zergling x2  
  191  17:56  Zergling x24  
  191  17:57  Zergling x8  
  194  18:02  Zergling x6  
  194  18:05  Queen  
  199  18:06  Baneling x2  
  199  18:07  Baneling x11  
  199  18:10  Hydralisk  
  199  18:11  Zergling x2  
  200  18:13  Nydus Canal  
  200  18:18  Zergling x18  
  200  18:19  Zergling x4  
  199  18:20  Zergling x2  
  199  18:25  Infestor x3  
  198  18:27  Zergling x4  
  198  18:31  Hydralisk x2  
  199  18:36  Zergling x6  
  199  18:37  Zergling x24  
  199  18:39  Hydralisk x3  
  199  18:40  Nydus Canal  
  199  18:41  Zergling x2  
  199  18:47  Zergling x2  
  199  18:52  Zergling x6  
Show
View Real Time Build Order
Export as new Build Order

Clem Terran 

Build Orders: Reaper Expand 

Get SALT Encoding   

  12  0:00  SCV  
  13  0:12  SCV  
  14  0:16  Supply Depot  
  14  0:24  SCV  
  15  0:38  SCV  
  15  0:40  Barracks  
  16  0:42  Refinery  
  16  0:50  SCV  
  17  1:02  SCV  
  18  1:14  SCV  
  19  1:26  Reaper  
  19  1:27  Orbital Command  
  20  1:39  Command Center  
  20  1:52  SCV  
  21  1:59  Barracks Reactor  
  21  2:05  SCV  
  21  2:06  Supply Depot  
  22  2:17  SCV  
  22  2:19  Command Center  
  24  2:30  SCV  
  24  2:35  Barracks  
  24  2:36  Marine x2  
  26  2:42  SCV  
  27  2:53  Orbital Command, Marine  
  27  2:54  Marine, SCV  
  30  3:00  Refinery  
  30  3:06  SCV  
  30  3:09  Factory  
  30  3:11  Marine  
  30  3:12  Marine  
  33  3:18  SCV x2  
  35  3:22  Barracks Tech Lab  
  35  3:29  Marine  
  35  3:30  Marine, SCV x2  
  39  3:34  Orbital Command  
  39  3:41  Stimpack  
  39  3:42  SCV x2  
  39  3:43  Marine  
  42  3:54  SCV x2, Starport  
  44  3:58  Marine x2  
  44  4:00  Marine, Factory Reactor  
  44  4:01  SCV  
  48  4:06  SCV, Supply Depot  
  48  4:08  SCV  
  50  4:13  SCV  
  50  4:16  Marine x2  
  53  4:18  SCV  
  53  4:21  SCV  
  53  4:24  Marine, Refinery  
  55  4:30  SCV  
  55  4:31  SCV, Supply Depot  
  58  4:33  SCV  
  58  4:34  Marine x2  
  58  4:36  Engineering Bay x2  
  61  4:41  Medivac  
  61  4:43  Medivac  
  61  4:44  Marine  
  66  4:46  Factory Tech Lab, Refinery  
  66  4:47  Orbital Command  
  66  4:49  SCV  
  66  4:51  SCV  
  66  4:52  Marine  
  69  4:53  Marine  
  69  4:56  Supply Depot  
  70  5:01  SCV  
  70  5:04  Barracks x2  
  70  5:05  Siege Tank  
  74  5:08  Marine  
  74  5:10  Marine x2  
  77  5:17  SCV  
  77  5:18  SCV, Supply Depot  
  77  5:19  SCV  
  80  5:25  Terran Infantry Weapons Level 1  
  80  5:26  Marine  
  80  5:27  Marine  
  82  5:29  SCV  
  82  5:31  SCV x2  
  82  5:34  Supply Depot  
  85  5:39  Marine  
  85  5:40  Siege Tank, Supply Depot  
  85  5:41  SCV  
  85  5:42  Combat Shield  
  90  5:43  SCV  
  90  5:44  Marine  
  92  5:52  Medivac  
  92  5:55  Marine, Medivac, SCV x3  
  99  5:58  Supply Depot  
  99  5:59  Barracks Reactor  
  99  6:01  Marine, Barracks Reactor  
  99  6:02  Marine  
  101  6:05  Barracks  
  101  6:07  SCV x3  
  104  6:11  Bunker  
  104  6:13  Terran Infantry Armor Level 1  
  104  6:14  Marine  
  105  6:19  Marine, Refinery, SCV  
  105  6:20  Marine  
  105  6:22  Supply Depot  
  105  6:23  SCV x2  
  110  6:30  Supply Depot  
  110  6:31  SCV  
  110  6:32  Marine  
  112  6:34  Siege Tank  
  112  6:35  SCV x2  
  112  6:36  Armory  
  117  6:42  Factory  
  117  6:44  Marine x5, SCV  
  123  6:47  Marine  
  123  6:48  Supply Depot  
  123  6:49  Marine, Supply Depot  
  125  6:57  Medivac x2  
  130  7:02  Marine x3  
  130  7:03  Supply Depot  
  130  7:08  Marine  
  133  7:09  Marine x3  
  133  7:12  Siege Tank  
  139  7:15  Supply Depot  
  139  7:16  Barracks Reactor  
  139  7:19  Marine x2  
  139  7:20  Marine  
  140  7:26  Marine  
  140  7:27  Marine x3  
  140  7:28  Factory Reactor  
  137  7:31  Terran Infantry Weapons Level 2, Command Center  
  136  7:37  Marine x2  
  136  7:38  Marine, Medivac  
  136  7:41  Medivac  
  136  7:44  Marine  
  140  7:46  Drilling Claws  
  140  7:48  Widow Mine  
  140  7:50  Marine  
  140  7:51  Marine x2  
  146  7:52  Supply Depot  
  146  7:54  Marine x2  
  146  7:55  Marine  
  148  7:58  Marine  
  148  8:00  Marine  
  150  8:08  Medivac  
  150  8:09  Widow Mine x2, Marine x3  
  150  8:11  Medivac  
  158  8:20  Barracks  
  158  8:21  Barracks  
  158  8:22  Barracks, Marauder  
  158  8:23  Widow Mine  
  158  8:25  Terran Infantry Armor Level 2  
  159  8:27  Supply Depot  
  159  8:32  Widow Mine, Marine x5  
  159  8:33  Marine  
  167  8:35  Widow Mine, Marine  
  167  8:37  Marine  
  171  8:43  SCV x2  
  171  8:44  SCV  
  171  8:46  Terran Vehicle And Ship Armor Level 1  
  174  8:50  Sensor Tower  
  174  8:51  Widow Mine  
  174  8:53  Widow Mine  
  174  8:55  Liberator, Supply Depot  
  181  8:58  Widow Mine  
  181  8:59  Marine  
  184  9:05  Marine  
  182  9:12  Widow Mine  
  182  9:13  Marine  
  182  9:14  Marine  
  182  9:15  Marine x2  
  182  9:16  Widow Mine  
  167  9:18  Marine x3  
  167  9:21  Widow Mine, Planetary Fortress  
  167  9:24  Barracks Tech Lab x3  
  172  9:27  Marine x2  
  170  9:31  Medivac  
  170  9:34  Widow Mine  
  170  9:37  Marine x2  
  170  9:38  Widow Mine, Liberator  
  176  9:41  SCV x2  
  176  9:43  Command Center  
  176  9:44  Widow Mine  
  183  9:52  Marine x2  
  180  9:55  Widow Mine  
  180  9:57  Marine  
  180  9:58  Marine  
  180  9:59  Widow Mine  
  186  10:03  Marine  
  186  10:05  Widow Mine, Medivac  
  186  10:06  Marine x2  
  186  10:07  Marine x2  
  176  10:08  Marine  
  176  10:13  Marauder  
  180  10:16  Marine  
  180  10:17  Widow Mine  
  180  10:18  Marine  
  180  10:20  Widow Mine  
  180  10:21  Marine, Medivac  
  182  10:24  Marine x2  
  182  10:27  Widow Mine  
  182  10:28  Marine x3  
  187  10:30  Marauder x2  
  187  10:31  Marauder  
  187  10:35  Medivac  
  197  10:38  Widow Mine, Refinery  
  197  10:39  SCV, Refinery  
  197  10:42  Widow Mine  
  196  10:44  Marine  
  196  10:48  Widow Mine  
  191  10:51  Marine, Medivac  
  191  10:54  Marine  
  190  10:59  Widow Mine  
  190  11:03  Widow Mine  
  183  11:05  Marine, Medivac  
  183  11:06  Marine, Marauder x2  
  183  11:09  Widow Mine, Marine  
  183  11:10  Marine  
  183  11:11  Marauder, Marine  
  191  11:16  Command Center  
  191  11:17  Ghost Academy  
  185  11:21  Widow Mine, SCV x2, Medivac  
  185  11:22  SCV x2  
  185  11:24  Marine x2  
  185  11:25  Widow Mine, Marine x3  
  196  11:31  Widow Mine  
  196  11:35  Medivac  
  196  11:36  Marine x3  
  197  11:40  Marine  
  197  11:42  Widow Mine  
  197  11:46  Widow Mine  
  187  11:49  Marine x2  
  187  11:51  Medivac  
  187  11:52  Widow Mine  
  187  11:54  Marauder x3, Marine x2  
  183  11:55  Marine x4  
  183  11:59  Marauder  
  179  12:04  Widow Mine, Planetary Fortress  
  179  12:05  SCV, Medivac  
  179  12:07  SCV  
  179  12:08  SCV  
  186  12:12  Widow Mine, Marine x4  
  186  12:15  Marauder x3  
  198  12:20  Marauder  
  200  12:24  Marine x2  
  200  12:25  Widow Mine, Medivac  
  200  12:26  Widow Mine, Marine  
  200  12:27  Marine  
  197  12:30  Marine  
  197  12:36  Widow Mine, Marine x2, Marauder, Ghost x2  
  200  12:41  Ghost  
  199  12:44  Command Center, Refinery  
  199  12:46  Refinery  
  197  12:51  Widow Mine  
  197  12:55  Marine  
  197  12:57  Ghost  
  190  12:59  Widow Mine, Marine  
  190  13:02  Widow Mine, Marine  
  187  13:05  Marauder  
  187  13:06  Concussive Shells  
  187  13:08  Ghost  
  187  13:11  Terran Infantry Weapons Level 3  
  187  13:12  Marine  
  191  13:13  Widow Mine, Marauder  
  191  13:17  Marine  
  191  13:18  Marine x3  
  191  13:19  Marine x2  
  189  13:20  Widow Mine, Marine  
  189  13:24  Liberator  
  189  13:26  Widow Mine, Marauder  
  196  13:27  Marauder  
  196  13:30  Marine  
  187  13:34  Widow Mine  
  187  13:35  Liberator, Marauder  
  187  13:37  Marauder  
  187  13:39  Marine x2  
  196  13:41  Widow Mine  
  196  13:42  Command Center  
  196  13:47  Command Center  
  196  13:48  Widow Mine  
  200  13:54  Marine  
  199  14:08  Marine, Marauder  
  199  14:11  Ghost  
  199  14:15  Medivac  
  199  14:17  Widow Mine, Marine x3  
  197  14:20  Planetary Fortress  
  200  14:26  Missile Turret  
  200  14:27  Widow Mine, Ghost  
  200  14:29  Ghost x2  
  200  14:30  Marine  
  184  14:36  Widow Mine  
  186  14:39  Ghost  
  186  14:55  Ghost  
  186  14:56  Medivac  
  186  14:57  Ghost x2  
  186  14:58  Widow Mine  
  194  15:02  Widow Mine  
  194  15:08  Ghost  
  195  15:14  Missile Turret  
  195  15:17  Medivac  
  195  15:22  Orbital Command, Missile Turret  
  195  15:23  Orbital Command, Missile Turret  
  195  15:24  Ghost  
  195  15:26  Ghost  
  196  15:29  SCV  
  196  15:30  Medivac  
  196  15:32  Ghost  
  196  15:34  Personal Cloaking  
  196  15:35  SCV  
  173  15:36  SCV  
  173  15:38  Sensor Tower  
  173  15:39  Sensor Tower  
  173  15:40  Widow Mine, Marine x2  
  173  15:42  Ghost  
  166  15:43  SCV  
  166  15:45  Sensor Tower  
  166  15:46  SCV  
  166  15:47  SCV x2  
  170  15:51  Widow Mine  
  170  15:52  Ghost  
  170  15:55  Medivac  
  160  15:57  Marine  
  160  15:58  Marine  
  160  16:02  Widow Mine  
  160  16:03  SCV x3  
  138  16:04  Widow Mine, Marine x2  
  138  16:05  Medivac  
  138  16:08  Marauder  
  138  16:09  Marine  
  138  16:10  Marine x2  
  147  16:14  Marine  
  147  16:15  Marine x2  
  150  16:19  Marauder  
  150  16:21  Marine  
  150  16:22  Marauder  
  155  16:28  Widow Mine  
  155  16:29  Widow Mine, Ghost  
  163  16:33  Widow Mine  
  163  16:37  Ghost  
  163  16:38  Refinery  
  163  16:39  Refinery  
  165  16:43  Medivac x2  
  165  16:44  Marine x2  
  171  16:50  Widow Mine  
  171  16:52  Widow Mine  
  175  16:54  Sensor Tower  
  175  16:56  Missile Turret  
  175  17:00  Widow Mine  
  177  17:07  Marine x2, Marauder x2  
  177  17:08  Marine  
  170  17:12  Widow Mine, Marine  
  170  17:13  Marine x2, Medivac  
  170  17:14  Marine x2  
  170  17:15  Marauder x2  
  183  17:19  Widow Mine  
  183  17:25  Marine x2  
  183  17:26  Widow Mine, Marine  
  183  17:29  Marauder x2  
  192  17:30  Marine  
  192  17:31  Liberator  
  192  17:34  Widow Mine, Orbital Command  
  192  17:35  SCV  
  192  17:36  Marine  
  200  17:41  Marauder  
  200  17:43  Widow Mine, Marine, Ghost  
  200  17:44  Marine  
  193  17:48  Widow Mine  
  193  17:50  Marauder  
  178  17:53  SCV  
  178  17:56  Widow Mine, SCV  
  178  17:57  SCV  
  177  17:58  SCV  
  177  18:00  SCV  
  177  18:01  Marine x2  
  177  18:02  Marine  
  177  18:03  Marauder x2  
  185  18:07  Liberator  
  185  18:10  Widow Mine, Marine  
  185  18:11  Marauder  
  193  18:16  Medivac  
  193  18:19  Ghost  
  192  18:23  Widow Mine x2  
  192  18:24  Ghost  
  198  18:33  Ghost  
  170  18:41  Marine x2  
  170  18:44  Marine x2  
  177  18:51  Marine  
  177  18:52  Widow Mine  
  177  18:53  Marine  
Tags
 
Add a new tag
Caveats
  • Supply blocks, unpowered buildings, or Contaminate may cause inaccurate times.
  • Supply counts are checked every 10 seconds.